 Dungeon Crawl Stone Soup version 0.26-a0-438-g4b1dca4 (webtiles) character file.

Game seed: 14359515853217614204

1372 Dorkslayer the Ruffian (level 8, -1/76 (78) HPs)
             Began as a Troll Berserker on July 26, 2020.
             Was an Elder of Trog.
             Slain by a scorpion (5 damage)
             ... on level 5 of the Dungeon.
             The game lasted 00:12:35 (2967 turns).

Dorkslayer the Ruffian (Troll Berserker)            Turns: 2967, Time: 00:12:36

HP:   -1/76 (78)    AC:  6    Str: 26    XL:     8   Next: 38%
MP:   7/7           EV: 11    Int:  4    God:    Trog [****..]
Gold: 211           SH:  0    Dex: 10    Spells: 7/7 levels left

rFire    . . .     SeeInvis +     - Unarmed
rCold    . . .     Faith    .   (no shield)
rNeg     . . .     Spirit   .   a - +0 animal skin
rPois    .         Reflect  .   (helmet restricted)
rElec    .         Harm     .   (no cloak)
rCorr    .                      (gloves unavailable)
MR       .....                  (boots unavailable)
Stlth    +.........             (no amulet)
HPRegen  0.62/turn              d - ring of see invisible
MPRegen  0.10/turn              (no ring)

@: no status effects
A: large, unfitting armour, claws 3, regeneration 1, shaggy fur 1, tough skin 3
a: Berserk, Trog's Hand, Brothers in Arms, Renounce Religion


You were on level 5 of the Dungeon.
You worshipped Trog.
Trog was greatly pleased with you.
You visited 1 branch of the dungeon, and saw 5 of its levels.

You collected 211 gold pieces.

Inventory:

Missiles
 q - a throwing net (quivered)
Armour
 a - a +0 animal skin (worn)
Jewellery
 d - a ring of see invisible (left claw)
Wands
 h - a wand of acid (7)
Scrolls
 f - a scroll of immolation {unknown}
 g - 9 scrolls of remove curse
 k - 4 scrolls of identify {unknown}
 l - 2 scrolls of teleportation {unknown}
 m - a scroll of enchant armour {unknown}
 n - a scroll of noise {unknown}
 o - a scroll of blinking {unknown}
 r - a scroll of magic mapping {unknown}
 s - a scroll of enchant weapon {unknown}
Potions
 b - 2 potions of might
 c - 4 potions of curing
 e - a potion of resistance {unknown}
 i - a potion of degeneration {unknown}
 j - a potion of brilliance {unknown}
 p - 2 potions of stabbing {unknown}
 t - a potion of heal wounds


   Skills:
 + Level 3.6 Fighting
 * Level 2.4 Throwing
 + Level 4.3 Dodging
 + Level 1.2 Stealth
 + Level 7.8 Unarmed Combat
 * Level 1.9 Evocations


You had 7 spell levels left.
You didn't know any spells.
Your spell library was empty.

Dungeon Overview and Level Annotations

Branches:
Dungeon (5/15)
 Temple: D:4-7

Altars:
Dithmenos
Qazlal


Innate Abilities, Weirdness & Mutations

You are too large for most types of armour.
You have claws for hands.
Your natural rate of healing is unusually fast.
You are covered in fur. (AC +1)
You have extremely tough skin. (AC +3)


Message History

You completely miss the necrophage. Your claw misses the necrophage.
The necrophage hits you.
* * * LOW HITPOINT WARNING * * *
You scratch the necrophage.
The necrophage is lightly damaged.
The necrophage hits you but does no damage.
You closely miss the necrophage.
The necrophage is lightly damaged.
The necrophage hits you but does no damage.
You mangle the necrophage!!
The necrophage is severely damaged.
The scorpion stings you!
* * * LOW HITPOINT WARNING * * *
You claw the necrophage!
You destroy the necrophage!
Trog accepts your kill.
You claw the scorpion!
The scorpion is heavily wounded.
The scorpion stings you.
You die...

####...#####
..>.......#
.#.........
#....(.....
......<..## #........#
..........# #....(..(#
....<.....# #........#
..........# #......#
..........## #..)...#
..)........#####s#...#
...............#@#...#
†......(.#######.#...#
.##........#.....#.###
.#########.#.#####.#
.# #.#.#..(..# .#
#.#.#.....# .#
#.#.#.....# .#
#.#.#.....# .#
#...##....#


You could see a scorpion.

Vanquished Creatures
  Grinder (D:4)
  The ghost of qborf2 the Grasshopper, an amateur GnWr of Gozag (D:4)
  Menkaure (D:4)
  A phantom (D:4)
  A necrophage (D:5)
  3 ogres
  A scorpion (D:5)
  2 orc priests
  3 orc wizards (D:4)
  An iguana (D:4)
  A worker ant (D:4)
  Robin (D:2)
  13 adders
  4 worms
  A dart slug (D:5)
  A leopard gecko (D:2)
  17 orcs
  A ball python (D:2)
  7 bats
  4 giant cockroaches
  16 goblins
  10 hobgoblins
  4 quokkas
  5 frilled lizards
  10 kobolds
  7 rats
117 creatures vanquished.

Notes
Turn   | Place    | Note
-------+----------+-------------------------------------------
     0 | D:1      | Dorkslayer the Troll Berserker began the quest for the Orb.
     0 | D:1      | Reached XP level 1. HP: 22/22 MP: 0/0
   331 | D:1      | Reached XP level 2. HP: 26/29 MP: 1/1
  1020 | D:2      | Reached XP level 3. HP: 32/36 MP: 2/2
  1079 | D:2      | Reached ** piety under Trog
  1206 | D:2      | Reached skill level 4 in Unarmed Combat
  1206 | D:2      | Reached XP level 4. HP: 35/44 MP: 3/3
  1222 | D:2      | Noticed Robin
  1243 | D:2      | Killed Robin
  1674 | D:3      | Found a shadowy altar of Dithmenos.
  1855 | D:3      | Reached XP level 5. HP: 46/52 MP: 4/4
  1940 | D:3      | Reached *** piety under Trog
  2087 | D:4      | Reached skill level 5 in Unarmed Combat
  2092 | D:4      | Found a stormy altar of Qazlal.
  2105 | D:4      | Reached XP level 6. HP: 31/61 MP: 5/5
  2164 | D:4      | Noticed Menkaure
  2179 | D:4      | Killed Menkaure
  2262 | D:4      | Reached skill level 6 in Unarmed Combat
  2418 | D:4      | Reached XP level 7. HP: 67/67 MP: 6/6
  2522 | D:4      | Found a runed translucent door.
  2529 | D:4      | Noticed Grinder
  2535 | D:4      | Killed Grinder
  2535 | D:4      | Reached skill level 1 in Throwing
  2555 | D:4      | Reached skill level 1 in Evocations
  2641 | D:4      | Reached skill level 1 in Stealth
  2641 | D:4      | Reached skill level 7 in Unarmed Combat
  2647 | D:4      | Noticed qborf2's ghost (amateur GnWr)
  2681 | D:4      | Killed qborf2's ghost
  2736 | D:4      | Reached XP level 8. HP: 75/75 MP: 7/7
  2824 | D:5      | Entered Level 5 of the Dungeon
  2897 | D:5      | Reached **** piety under Trog
  2963 | D:5      | HP: 2/74 [scorpion (8)]
  2967 | D:5      | Slain by a scorpion

Illustrated notes

Levels and vault maps discovered:
D:1:      shiori_arrival_maze, layout_loops_corners, corner_web_ring
D:2:      layout_loops_ring, uniq_robin
D:3:      layout_rooms, nicolae_dithmenos_through_a_glass_darkly
D:4:      layout_loops_cross, ebering_ghost_sewer_d, grunt_qazlal_clouds,
          uniq_menkaure, uniq_grinder
D:5:      layout_rooms, tso_oasis_becter, minmay_temple_entry_grid,
          serial_co_window_serial, co_window_paths_a, co_window_paths_a,
          co_window_paths_a, co_window_paths_b, co_window_corner_a,
          co_window_corner_a, co_window_paths_a, co_window_cross_4,
          co_window_of_opportunity_b, co_window_broadway_b, co_window_corner_cb

Skill      XL: |  1  2  3  4  5  6  7  8 |
---------------+-------------------------+-----
Dodging        | 3 4 |  4.3
Unarmed Combat | 4 5 6 7 |  7.8
Fighting       | 3 |  3.6
Throwing       | 1 2 |  2.4
Evocations     | 1 |  1.9
Stealth        | 1 |  1.2

Action                   |  1- 3 |  4- 6 |  7- 9 || total
-------------------------+-------+-------+-------++-------
Melee: Unarmed           |   114 |   143 |    76 ||   333
       Punch             |     3 |     3 |     1 ||     7
Throw: Throwing net      |       |       |     1 ||     1
Invok: Berserk           |     1 |       |     1 ||     2
       Trog's Hand       |       |       |     1 ||     1
  Use: Potion            |       |     6 |     2 ||     8
       Scroll            |       |       |     1 ||     1
 Stab: Held in net/web   |       |       |     1 ||     1
Armor: Animal skin       |    45 |    36 |    18 ||    99
Dodge: Dodged            |    64 |    67 |    31 ||   162

Table legend: (Time is in decaauts)
 A = Elapsed time spent in this place.
 B = Non-inter-level travel time spent in this place.
 C = Inter-level travel time spent in this place.
 D = Time resting spent in this place.
 E = Time spent auto-exploring this place.
 F = Levels seen in this place.
 G = Mean time per level.
                   A        B        C        D        E       F      G
               +--------+--------+--------+--------+--------+-----+--------+
         Total |   2917 |   2914 |      3 |      0 |     36 |   5 |  583.4 |
       Dungeon |   2917 |   2914 |      3 |      0 |     36 |   5 |  583.4 |
               +--------+--------+--------+--------+--------+-----+--------+

Top non-repeatable levels by time:
     D:1: 966 daAuts
     D:4: 738 daAuts
     D:2: 695 daAuts
     D:3: 398 daAuts
     D:5: 118 daAuts
